 Dungeon Crawl Stone Soup version 0.31.0-32-g396128a36d (webtiles) character file.

Game seed: 9163620955467493493

32598 Tovical the Basher (level 13, -28/83 HPs)
             Began as a Gargoyle Fighter on Mar 23, 2024.
             Was the Champion of Okawaru.
             Killed from afar by a will-o-the-wisp (32 damage)
             ... with a foxfire
             ... on level 2 of the Lair of Beasts.
             The game lasted 01:08:40 (13762 turns).

Tovical the Basher (Gargoyle Fighter)              Turns: 13762, Time: 01:08:40

Health: -28/83     AC: 28    Str: 24    XL:     13   Next: 65%
Magic:  17/17      EV: 24    Int: 12    God:    Okawaru [******]
Gold:   165        SH:  0    Dex: 20    Spells: 12/12 levels left

rFire   . . .        a - +7 dire flail (flame)
rCold   + . .        (shield currently unavailable)
rNeg    + . .        I - +2 scale mail "Maeloriu" {rC+ Int+2}
rPois   ∞            i - +2 helmet
rElec   +            f - +1 cloak
rCorr   .            E - +0 pair of gloves
SInv    +            o - +2 pair of boots of Least Resistance {rC- Will+ Str+4 Dex+7}
Will    +....        r - amulet of the acrobat Stlth
                     B - ring of protection from cold
HPRegen 0.33/turn    m - ring of see invisible
MPRegen 0.15/turn

%: acrobat
@: acrobatic
A: sickness immunity, AC +9, negative energy resistance 1, electricity
resistance, torment resistance 1, petrification resistance
a: Renounce Religion, Heroism, Finesse, Duel, Receive Weapon


You were on level 2 of the Lair of Beasts.
You worshipped Okawaru.
Okawaru was exalted by your worship.
You visited 3 branches of the dungeon, and saw 15 of its levels.
You visited the Abyss 1 time.
You also visited: Sewer.

You collected 646 gold pieces.
You spent 481 gold pieces at shops.

Inventory:

Hand Weapons
 a - a +7 dire flail of flaming (weapon)
 b - a +1 flail of venom
Missiles
 d - 11 curare-tipped darts
 j - 129 poisoned darts
 n - 3 throwing nets
 s - 3 atropa-tipped darts
 v - 4 boomerangs (quivered)
 L - 3 javelins
Armour
 f - a +1 cloak (worn)
 i - a +2 helmet (worn)
 o - the +2 pair of boots of Least Resistance (worn) {rC- Will+ Str+4 Dex+7}
   (Okawaru gifted it to you on level 1 of the Lair of Beasts)

   Str+4:     It affects your strength (+4).
   Dex+7:     It affects your dexterity (+7).
   rC-:       It makes you vulnerable to cold.
   Will+:     It increases your willpower.
 E - a +0 pair of gloves (worn)
 I - the +2 scale mail "Maeloriu" (worn) {rC+ Int+2}
   (You bought it in a shop on level 2 of the Dungeon)

   Int+2:     It affects your intelligence (+2).
   rC+:       It protects you from cold.
Jewellery
 h - a ring of positive energy
 l - a +4 ring of protection
 m - a ring of see invisible (right hand)
 r - an amulet of the acrobat (around neck)
 A - a ring of willpower
 B - a ring of protection from cold (left hand)
Wands
 y - a wand of charming (12)
 K - a wand of quicksilver (3)
Scrolls
 u - 2 scrolls of teleportation
 w - a scroll of fog
 H - a scroll of poison
Potions
 c - 2 potions of might
 e - a potion of heal wounds
 g - a potion of attraction
 k - 2 potions of invisibility
 p - 4 potions of enlightenment
 q - 3 potions of curing
 t - a potion of haste
 x - a potion of ambrosia {unknown}
 z - 2 potions of mutation
 F - a potion of degeneration {unknown}
 J - a potion of brilliance {unknown}


   Skills:
 + Level 10.4 Fighting
 - Level 14.0 Maces & Flails
 - Level 14.0 Throwing
 - Level 3.2 Armour
 - Level 3.2 Shields
 + Level 5.6 Invocations


You had 12 spell levels left.
You didn't know any spells.
Your spell library contained the following spells:

 Spells                   Type           Power      Damage    Failure   Level
 Magic Dart               Conj           0%         1d3       63%         1
 Sandblast                Erth           0%         2d4       63%         1
 Sting                    Conj/Alch      0%         1d3       63%         1
 Mercury Vapours          Alch/Air       0%         N/A       77%         2
 Searing Ray              Conj           0%         2d4       77%         2
 Gell's Gravitas          Tloc           0%         N/A       94%         3
 Hailstorm                Conj/Ice       0%         3d5       94%         3
 Mephitic Cloud           Conj/Alch/Air  0%         N/A       94%         3
 Passwall                 Erth           0%         N/A       94%         3
 Stone Arrow              Conj/Erth      0%         3d7       94%         3
 Teleport Other           Tloc           0%         N/A       94%         3
 Brom's Barrelling Bould  Conj/Erth      0%         2d3       100%        4
 Dimensional Bullseye     Hex/Tloc       0%         N/A       100%        4
 Fulminant Prism          Conj/Alch      0%         3d5       100%        4
 Iskenderun's Mystic Bla  Conj/Tloc      0%         2d3       100%        4
 Olgreb's Toxic Radiance  Alch           0%         N/A       100%        4
 Passage of Golubria      Tloc           0%         N/A       100%        4
 Vhi's Electric Charge    Tloc/Air       0%         N/A       100%        4
 Alistair's Intoxication  Alch           0%         N/A       100%        5
 Arcjolt                  Conj/Air       0%         1d10      100%        5
 Borgnjor's Vile Clutch   Necr/Erth      0%         N/A       100%        5
 Freezing Cloud           Conj/Ice/Air   0%         6-21      100%        5
 Yara's Violent Unravell  Hex/Alch       0%         3d3       100%        5
 Dispersal                Tloc           0%         N/A       100%        6
 Eringya's Noxious Bog    Alch           0%         4d6       100%        6
 Plasma Beam              Fire/Air       0%         2x1d10    100%        6
 Lehudib's Crystal Spear  Conj/Erth      0%         10d2      100%        8
 Summon Ice Beast         Ice/Summ       Unusable   N/A       N/A         3
 Tukima's Dance           Hex            Unusable   N/A       N/A         3
 Animate Armour           Summ/Erth      Unusable   N/A       N/A         4
 Sculpt Simulacrum        Ice/Alch       Unusable   N/A       N/A         6

Dungeon Overview and Level Annotations

Branches:
Dungeon (12/15)            Temple (1/1) D:7            Lair (2/5) D:11
    Orc (0/2) D:10          Sewer (visited)
  Swamp: Lair:2-3    Shoals: Lair:2-3     Snake: Lair:2-3    Spider: Lair:2-3

Altars:
Ashenzari
Cheibriados
Dithmenos
Elyvilon
Fedhas
Gozag
Hepliaklqana
Kikubaaqudgha
Makhleb
Nemelex Xobeh
Okawaru
Qazlal
Ru
Sif Muna
Trog
Uskayaw
Vehumet
Wu Jian
Xom
Yredelemnul
Zin
The Shining One

Shops:
D:2 :[((!

Annotations:
D:3 1 runed translucent door, Alphaeus's ghost, amateur TrSh
D:4 1 runed translucent door, flammie80's ghost, weakling FoMo


Innate Abilities, Weirdness & Mutations

You are immune to sickness and miasma.
Your stone body is resilient. (AC +9)
You are immune to poison.
You resist negative energy. (rN+)
You are resistant to electric shocks. (rElec)
You are resistant to unholy torment.
You are immune to petrification.


Message History

You hit the yak but do no damage. The yak barely misses you.
You impale the yak!! You burn the yak.
The yak is severely wounded.
You thump the yak! You burn the yak.
You kill the yak!
Okawaru accepts your kill.
The will-o-the-wisp gives a chilling moan.
You puncture the yak! You burn the yak.
The yak is heavily wounded.
You hit the yak. You burn the yak.
The yak is severely wounded.
The yak gores you but does no damage.
You puncture the yak! You burn the yak.
You kill the yak!
Okawaru accepts your kill.
Items here: ††††.
You closely miss the will-o-the-wisp. You closely miss the will-o-the-wisp.
The will-o-the-wisp engulfs you but does no damage.
You hit the will-o-the-wisp but do no damage.
You sock the will-o-the-wisp! You burn the will-o-the-wisp.
The will-o-the-wisp is moderately damaged.
The will-o-the-wisp barely misses you.
You puncture the will-o-the-wisp! You burn the will-o-the-wisp.
The will-o-the-wisp is severely damaged.
The will-o-the-wisp gestures.
The will-o-the-wisp conjures some marshlight! 2 foxfires come into view.
You puncture the will-o-the-wisp!
The will-o-the-wisp is almost destroyed.
The foxfire hits you!! The foxfire hits you!
You hit the will-o-the-wisp but do no damage.
The will-o-the-wisp is almost destroyed.
The will-o-the-wisp gestures.
The will-o-the-wisp conjures some marshlight! 2 foxfires come into view.
The foxfire hits you!!
* * * LOW HITPOINT WARNING * * *
The foxfire hits you!!
You die...

#...P## #..
##....###...
####
#..#.......
...
#####.....
...
#........#
#.##.<....###
#.#...#.##
#..###.#
##...@##
##.§v#
#######§v#
.........#
.........#
#.####.†.##
##†.P# #....#
...###


You could see a will-o-the-wisp.

Vanquished Creatures
  A very ugly thing (Abyss:1)
  A lorocyproca (Abyss:1)
  Josephine (D:10)
  Erica (D:10)
  3 two-headed ogres
  Sonja (Lair:1)
  2 thrashing horrors (Abyss:1)
  A wretched star (Abyss:1)
  A sun demon (D:11)
  2 sixfirhies (D:11)
  Amaemon (Lair:1)
  An ugly thing (D:11)
  A black mamba (Lair:1)
  2 orange demons
  2 large abominations (Abyss:1)
  3 cane toads
  A dire elephant skeleton (Abyss:1)
  An unseen horror (D:10)
  A kobold demonologist (D:11)
  3 komodo dragons
  A rime drake (D:10)
  2 ice devils (D:11)
  A polar bear (D:10)
  Prince Ribbit (Lair:1)
  2 raiju (Abyss:1)
  5 blink frogs (Lair:1)
  2 hornets (D:10)
  3 shadows
  2 wyverns (Lair:1)
  2 ynoxinuls (D:11)
  5 wraiths (D:10)
  A dire elephant simulacrum (Abyss:1)
  3 starcursed masses (Abyss:1)
  A vampire (D:11)
  A basilisk (Lair:1)
  23 yaks
  2 steam dragons (D:9)
  2 chaos spawn (D:11)
  2 vampire mosquitoes (D:10)
  A neqoxec (Abyss:1)
  5 small abominations (Abyss:1)
  Duvessa (D:5)
  7 water moccasins
  3 acid dragons
  6 ice beasts
  2 orc warriors
  A black bear (D:5)
  10 wolves
  A phantom (D:5)
  5 centaurs
  27 kobold brigands
  7 bullfrogs
  5 scorpions
  2 gnoll sergeants
  6 wights
  Dowan (D:5)
  12 killer bees (D:8)
  5 howler monkeys
  A bombardier beetle (D:5)
  6 quasits (D:11)
  2 hounds
  2 orc priests (D:10)
  2 gnoll boudas
  4 orc wizards
  4 iguanas
  4 sleepcaps
  4 river rats
  11 adders
  13 gnolls
  2 shadow imps
  2 ufetubi (Abyss:1)
  2 dart slugs
  A ribbon worm (D:2)
  26 orcs
  10 ball pythons
  8 bats
  5 endoplasms
  4 giant cockroaches
  4 goblins
  5 hobgoblins
  5 jackals
  2 quokkas (D:2)
  4 frilled lizards
  49 kobolds
  7 rats
387 creatures vanquished.

Vanquished Creatures (others)
  3 foxfires (Lair:2)
3 creatures vanquished.

Grand Total: 390 creatures vanquished

Notes
Turn   | Place    | Note
-------+----------+-------------------------------------------
     0 | D:1      | Tovical the Gargoyle Fighter began the quest for the Orb.
     0 | D:1      | Reached XP level 1. HP: 14/14 MP: 1/1
   166 | D:1      | Reached XP level 2. HP: 19/19 MP: 2/2
   598 | D:2      | Found Xisapn's Antique Armour Shoppe.
   911 | D:2      | Found Taghug's Book Boutique.
   948 | D:2      | Reached XP level 3. HP: 23/23 MP: 3/3
  1033 | D:2      | Found Otug's Antique Weapon Shoppe.
  1043 | D:2      | Reached skill level 1 in Throwing
  1137 | D:2      | Found Ucuqewna's Distillery.
  1168 | D:3      | Reached XP level 4. HP: 14/28 MP: 4/4
  1213 | D:3      | Found a runed translucent door.
  1214 | D:3      | Noticed Alphaeus's ghost (amateur TrSh)
  1314 | D:3      | Found a glowing drain.
  1349 | D:3      | Reached XP level 5. HP: 32/32 MP: 5/5
  1359 | Sewer    | Entered a sewer
  1426 | Sewer    | Noticed a kobold brigand
  1525 | Sewer    | Killed a kobold brigand
  1572 | Sewer    | Noticed a kobold brigand
  1592 | Sewer    | Killed a kobold brigand
  1593 | Sewer    | Reached skill level 5 in Maces & Flails
  1593 | Sewer    | Reached XP level 6. HP: 28/37 MP: 6/6
  1606 | Sewer    | Found a glowing silver altar of Zin.
  1804 | D:2      | Found Kochae's Antique Weapon Shop.
  2503 | D:4      | Found a runed translucent door.
  2503 | D:4      | Noticed flammie80's ghost (weakling FoMo)
  2525 | D:5      | Entered Level 5 of the Dungeon
  2849 | D:5      | Noticed a black bear
  2983 | D:5      | Reached XP level 7. HP: 35/41 MP: 7/7
  3145 | D:5      | Found a blossoming altar of Fedhas.
  3156 | D:5      | Reached skill level 5 in Throwing
  3215 | D:5      | Noticed Dowan
  3215 | D:5      | Noticed Duvessa
  3237 | D:5      | Killed Duvessa
  3238 | D:5      | Reached XP level 8. HP: 39/46 MP: 8/8
  3240 | D:5      | Killed Dowan
  3611 | D:5      | Found a radiant altar of Vehumet.
  4511 | D:6      | Found an opulent altar of Gozag.
  4627 | D:7      | Reached XP level 9. HP: 50/51 MP: 9/9
  4842 | D:6      | Found a broken altar of Ashenzari.
  5405 | D:7      | Found a snail-covered altar of Cheibriados.
  5823 | D:7      | Found a staircase to the Ecumenical Temple.
  5831 | Temple   | Entered the Ecumenical Temple
  5865 | Temple   | Became a worshipper of Warmaster Okawaru
  6272 | D:2      | Bought a jewelled cloak for 247 gold pieces
  6272 | D:2      | Identified the +1 cloak "Erchofo" {rElec Str+4 Dex-5
                  | Stlth+} (You bought it in a shop on level 2 of the Dungeon)
  6800 | D:8      | Found a hazy altar of Hepliaklqana.
  6839 | D:8      | Reached * piety under Okawaru
  6979 | D:8      | Reached skill level 10 in Maces & Flails
  7097 | D:8      | Reached XP level 10. HP: 33/56 MP: 10/10
  7492 | D:9      | Noticed a two-headed ogre
  7610 | D:9      | Killed a two-headed ogre
  7610 | D:9      | Reached ** piety under Okawaru
  7629 | D:10     | Entered Level 10 of the Dungeon
  7688 | D:9      | Noticed a two-headed ogre
  7693 | D:9      | Killed a two-headed ogre
  7883 | D:9      | Found a bloodstained altar of Trog.
  8075 | D:9      | Found a sparkling altar of Nemelex Xobeh.
  8294 | D:9      | Reached skill level 10 in Throwing
  8310 | D:9      | Reached *** piety under Okawaru
  8481 | D:10     | Noticed Erica
  8492 | D:10     | Killed Erica
  8493 | D:10     | Reached XP level 11. HP: 60/60 MP: 8/11
  8627 | D:10     | Noticed Josephine
  8634 | D:10     | Killed Josephine
  8659 | D:10     | Reached **** piety under Okawaru
  8953 | D:11     | Noticed a two-headed ogre
  9094 | D:10     | Found a staircase to the Orcish Mines.
  9464 | D:11     | Reached ***** piety under Okawaru
  9468 | D:11     | Noticed a sixfirhy
  9481 | D:11     | Killed a sixfirhy
  9804 | D:10     | Received a gift from Okawaru
  9828 | D:11     | Killed a two-headed ogre
  9829 | D:11     | Reached XP level 12. HP: 52/64 MP: 12/12
  9987 | D:12     | Noticed an eight-headed hydra
 10301 | D:11     | Found a staircase to the Lair.
 10798 | D:2      | Bought a twisted scale mail for 234 gold pieces
 10798 | D:2      | Identified the +2 scale mail "Maeloriu" {rC+ Int+2} (You
                  | bought it in a shop on level 2 of the Dungeon)
 11247 | D:11     | Noticed a sun demon
 11344 | D:11     | Reached skill level 5 in Fighting
 11408 | D:11     | Killed a sun demon
 11408 | D:11     | Received a gift from Okawaru
 11869 | Lair:1   | Entered Level 1 of the Lair of Beasts
 12049 | Lair:1   | Noticed Prince Ribbit
 12069 | Lair:1   | Killed Prince Ribbit
 12366 | Lair:1   | Received a gift from Okawaru
 12465 | Lair:1   | Noticed Sonja
 12465 | Lair:1   | Noticed Amaemon
 12508 | Lair:1   | Killed Amaemon
 12509 | Lair:1   | Reached XP level 13. HP: 58/78 MP: 13/13
 12535 | Abyss:1  | Cast into level 1 of the Abyss (Sonja)
 12636 | Abyss:1  | Noticed a rakshasa
 12703 | Abyss:1  | Noticed a red very ugly thing
 12717 | Abyss:1  | Killed a red very ugly thing
 12752 | Abyss:1  | Reached skill level 1 in Invocations
 12823 | Abyss:1  | Noticed a starcursed mass
 12843 | Abyss:1  | Received a gift from Okawaru
 12858 | Abyss:1  | Killed a starcursed mass
 12962 | Abyss:1  | Noticed a tentacled starspawn
 12985 | Abyss:1  | Reached ****** piety under Okawaru
 13034 | Abyss:1  | Noticed a starcursed mass
 13057 | Abyss:1  | Killed a starcursed mass
 13103 | Abyss:1  | Found a corrupted altar of Lugonu.
 13207 | Abyss:1  | Noticed a lorocyproca
 13209 | Abyss:1  | Found a corrupted altar of Lugonu.
 13217 | Abyss:1  | Noticed a lich
 13218 | Abyss:1  | Killed a lorocyproca
 13221 | Lair:1   | Escaped the Abyss
 13247 | Lair:1   | Killed Sonja
 13248 | Lair:1   | Reached skill level 10 in Fighting
 13393 | Lair:1   | Acquired the +2 pair of boots of Least Resistance {rC-
                  | Will+ Str+4 Dex+7}
 13393 | Lair:1   | Received a gift from Okawaru
 13415 | Lair:1   | Reached skill level 5 in Invocations
 13630 | Lair:1   | Received a gift from Okawaru
 13762 | Lair:2   | HP: 4/83 [will-o-the-wisp/foxfire (33)]
 13762 | Lair:2   | Killed from afar by a will-o-the-wisp

Illustrated notes

Levels and vault maps discovered:
D:1:      ncdulo_wetmaze, layout_loops_ring, minmay_misc_feat_enclosed
D:2:      layout_basic, serial_shops, shop, shop, shop, nicolae_shop_waterfront,
          shop, chequers_avenue, minmay_strange_pillars
D:3:      layout_rooms, ebering_ghost_reflecting_pool, portal_sewer_entry_a
D:4:      layout_cave_pools, gammafunk_ghost_grave
D:5:      layout_loops_ring, mainiacjoe_overflow_alcove_2,
          mainiacjoe_overflow_paths, uniq_duvessa
D:6:      layout_layer_cave, ashenzari_altar_1, grunt_gozag_breadcrumbs
D:7:      layout_gridville, mainiacjoe_overflow_chevrons,
          minmay_temple_entry_glassed_door
D:8:      layout_rooms, worldfamousw_hep_ancestral_shrine, grunt_ministairs_11
D:9:      layout_loops_cross, trog_butcher_becter, marbit_many_paths
D:10:     layout_roguey, orc_0_dummy, uniq_erica, uniq_josephine
D:11:     layout_roguey [special_room_kobold], hellmonk_lair_entry_icy,
          serial_demonic, serial_demonic_g, serial_demonic_e, serial_demonic_a,
          serial_demonic_e, serial_demonic_f, serial_demonic_c, serial_demonic_a
D:12:     layout_cave_pools, serial_shops, nicolae_shop_behind_doors,
          beargit_elvish_explorers
Temple:   nicolae_temple_superstar
Lair:1:   layout_hall_layers, uniq_prince_ribbit2, uniq_sonja, uniq_amaemon
Lair:2:   layout_small_grid, minmay_swamp_entry_wisps, ebering_ghost_xom,
          chequers_serial_rivers_micro_b, beast_lair_carwin_2,
          serial_bayou_shore_b, lemuel_fruit_fields, grunt_megastairs_4

Skill      XL: |  1  2  3  4  5  6  7  8  9 10 11 12 13 |
---------------+----------------------------------------+-----
Maces & Flails | 3 4 5 6 8 10 12 13 14 | 14.0
Throwing       | 1 2 3 4 5 6 8 10 12 13 14 | 14.0
Fighting       | 7 10 | 10.4
Invocations    | 5 |  5.6
Armour         | |  3.2
Shields        | |  3.2

Action                     |  1- 3 |  4- 6 |  7- 9 | 10-12 | 13-15 || total
---------------------------+-------+-------+-------+-------+-------++-------
  Melee: Flail             |    94 |   207 |   191 |       |       ||   492
         Dire flail        |       |       |   189 |   579 |   163 ||   931
  Throw: Dart              |       |     5 |     7 |    34 |     4 ||    50
         Throwing net      |       |       |       |     1 |       ||     1
         Boomerang         |       |       |       |     4 |    16 ||    20
 Invoke: Heroism           |       |       |       |     4 |       ||     4
         Finesse           |       |       |       |       |     1 ||     1
         Receive Armour    |       |       |       |       |     1 ||     1
  Evoke: Wand              |       |       |       |       |     4 ||     4
    Use: Scroll            |     3 |     7 |    10 |     9 |     3 ||    32
         Potion            |       |     1 |     2 |     1 |     3 ||     7
   Stab: Invisible         |       |       |       |       |     1 ||     1
 Armour: Scale mail        |    71 |   137 |   302 |   327 |    96 ||   933
  Dodge: Dodged            |    55 |    89 |   207 |   263 |    69 ||   683
  Block: Buckler           |    27 |    45 |    47 |       |       ||   119
